AoeStats
← thdung17

Arabia

509278406Analyzed
1v1 RM · 6d ago on Sep 26, 2026· 33m 14s· 2 players
Game mode
Random Map
Map size
Tiny (2 player)
Population
200
Speed
Normal
Resources
Standard
Victory
Conquest
Starting age
Dark Age
Ending age
Imperial Age
RankedLock teamsTeams togetherTeam positionsShared explorationLock speedFull tech treeHidden civsTurbo modeCheats
Victory
Defeat
🇻🇳 Magyars · Vietnam
1064
+17
🇮🇳 Ethiopians · India
1091
-17
thdung17
7:38 Loom
10:06 Feudal Age
10:51 Double-Bit Axe
15:13 Bloodlines
17:28 Horse Collar
18:09 Fletching
23:41 Castle Age
23:06 Gold Mining
23:07 Stone Mining
23:38 Scale Barding Armor
23:34 Padded Archer Armor
24:56 Bow Saw
24:43 Bodkin Arrow
24:13 Elite Skirmisher
26:29 Leather Archer Armor
31:38 Heavy Plow
32:19 Husbandry
34:08 Chain Barding Armor
Nitant Patel
7:12 Loom
9:04 Feudal Age
10:32 Double-Bit Axe
13:21 Fletching
23:43 Castle Age
22:16 Padded Archer Armor
22:42 Horse Collar
23:44 Crossbowman
24:20 Bodkin Arrow
33:30 Thumb Ring
Connection lost

Rejoining the realm…

Still unreachable

The connection could not be restored.

Session expired

The server has moved on; the page needs a fresh start.